cohdb
Replays
Latest Replays
All Replays
Popular Replays
Top Player Replays
Match Explorer
How It Works
Community
CoH3 Stats
Reddit
Sign in to upload your games and track your stats! →
Sign in with Steam
Match 44816996
Unlisted
Match 44816996
Overview
Messages
Build Orders
End
Construct Infanterie Kompanie
Pioneer Squad
Selects Breakthrough Battlegroup
Selects Breakthrough Battlegroup
Selects Assault Grenadiers
MG 42 Machine Gun Team
MG 42 Machine Gun Team
GrW 34 Mortar Team
Grenadier Squad
Construct Panzergrenadier Kompanie
251 Medium Carrier
Selects Rapid Production
Panzergrenadier Squad
Support Elements
Selects Blitzkrieg
Nebelwerfer 42 Rocket Launcher Team
StuG III G Assault Gun
Nebelwerfer 42 Rocket Launcher Team
Gwangju's Hero Chun Doo-gwang
Dr Jello
Ranger
SMOKO
stalker
EMERGENCY ACTION MESSAGE: ZULU!
0
0
Comments
sign in to comment!
No comments posted yet!